[Event "Live Chess"]
[Site "Chess.com"]
[Date "2021.02.06"]
[Round "2"]
[White "Ankur5206"]
[Black "sb1789"]
[Result "1-0"]
[CurrentPosition "4B3/p7/1b5k/2p5/3P4/2P5/PP1K3R/6R1 b - -"]
[Timezone "UTC"]
[ECO "A45"]
[ECOUrl "https://www.chess.com/openings/Indian-Game"]
[UTCDate "2021.02.06"]
[UTCTime "19:02:19"]
[WhiteElo "993"]
[BlackElo "1067"]
[TimeControl "1200+10"]
[Termination "Ankur5206 won by checkmate"]
[StartTime "19:02:19"]
[EndDate "2021.02.06"]
[EndTime "19:14:05"]
[Link "https://www.chess.com/live/game/6472142255"]

1. d4 Nf6 2. Bf4 d5 3. Nf3 Bf5 4. e3 e6 5. Nbd2 Bb4 6. h3 Ne4 7. g4 Bg6 8. Bd3 h5 9. gxh5 Bxh5 10. c3 Nxd2 11. Kxd2 Ba5 12. Qa4+ Nc6 13. Ne5 Bb6 14. Nxc6 bxc6 15. Qxc6+ Kf8 16. Rhg1 Bf3 17. Be5 f6 18. Bf4 Rxh3 19. Qxe6 Qc8 20. Qxc8+ Rxc8 21. Bf5 Bg4 22. Bxg4 Rh8 23. Bxc8 Ke7 24. Bf5 Kf7 25. Bg6+ Ke6 26. f3 f5 27. Rae1 Kf6 28. e4 fxe4 29. fxe4 dxe4 30. Bxe4 Rh4 31. Be5+ Kf7 32. Bxg7 Rh2+ 33. Re2 Rh5 34. Bg6+ Kxg7 35. Bxh5+ Kh6 36. Be8 c5 37. Rh2# 1-0

[Event "Live Chess"]
[Site "Chess.com"]
[Date "2021.02.06"]
[Round "2"]
[White "PoleStarChess"]
[Black "thundergamerz"]
[Result "0-1"]
[CurrentPosition "r4knr/1pp5/p7/3Q1N2/4P3/P1P5/5P2/R1B1R1Kq w - -"]
[Timezone "UTC"]
[ECO "D00"]
[ECOUrl "https://www.chess.com/openings/Queens-Pawn-Opening-Chigorin-Variation-2...Nf6-3.Nf3"]
[UTCDate "2021.02.06"]
[UTCTime "19:02:29"]
[WhiteElo "1107"]
[BlackElo "1283"]
[TimeControl "1200+10"]
[Termination "thundergamerz won by checkmate"]
[StartTime "19:02:29"]
[EndDate "2021.02.06"]
[EndTime "19:07:48"]
[Link "https://www.chess.com/live/game/6472142946"]

1. d4 d5 2. Nf3 Nf6 3. Nc3 Bf5 4. e3 e6 5. Bd3 a6 6. h3 Nc6 7. g4 Bxd3 8. cxd3 Bb4 9. a3 Bxc3+ 10. bxc3 Ne7 11. O-O h6 12. g5 hxg5 13. Nxg5 Nf5 14. e4 dxe4 15. dxe4 Nh6 16. Re1 Nd7 17. d5 Ng8 18. dxe6 fxe6 19. Nxe6 Qh4 20. Nxg7+ Kf7 21. Nf5 Qxh3 22. Qxd7+ Kf8 23. Qd5 Qh1# 0-1

[Event "Live Chess"]
[Site "Chess.com"]
[Date "2021.02.06"]
[Round "2"]
[White "Sanat2"]
[Black "ExcelQueen"]
[Result "1-0"]
[CurrentPosition "5rk1/2R3Q1/1p6/p3P2p/5B2/3N3P/PP3PP1/6K1 b - -"]
[Timezone "UTC"]
[ECO "C54"]
[ECOUrl "https://www.chess.com/openings/Giuoco-Piano-Game-Center-Attack-5...exd4-6.cxd4"]
[UTCDate "2021.02.06"]
[UTCTime "19:13:12"]
[WhiteElo "1325"]
[BlackElo "770"]
[TimeControl "1200+10"]
[Termination "Sanat2 won by checkmate"]
[StartTime "19:13:12"]
[EndDate "2021.02.06"]
[EndTime "19:22:41"]
[Link "https://www.chess.com/live/game/6472246043"]

1. e4 e5 2. Nf3 Nc6 3. Bc4 Bc5 4. c3 Nf6 5. d4 exd4 6. cxd4 Bb6 7. e5 Ne4 8. O-O O-O 9. Re1 d5 10. Bb3 f6 11. Rxe4 fxe5 12. dxe5 Kh8 13. Re1 Qh4 14. Nxh4 Nd4 15. Rf1 Nxb3 16. Qxb3 Re8 17. Nf3 Bg4 18. Bf4 Bxf3 19. Qxf3 Rf8 20. Qg3 Rae8 21. Re1 Re7 22. Nc3 Ba5 23. Rac1 d4 24. Nd5 Bxe1 25. Nxe7 Bb4 26. Nd5 c6 27. Nxb4 c5 28. Rxc5 d3 29. Nxd3 b6 30. Rc3 h5 31. h3 a5 32. Rc7 Kg8 33. Qxg7# 1-0

[Event "Live Chess"]
[Site "Chess.com"]
[Date "2021.02.06"]
[Round "2"]
[White "lighteningcrushers30"]
[Black "superpengha"]
[Result "0-1"]
[CurrentPosition "r3r1k1/p1b2pB1/7p/1p6/8/7N/PP3PPq/3R1RK1 w - -"]
[Timezone "UTC"]
[ECO "C50"]
[ECOUrl "https://www.chess.com/openings/Giuoco-Piano-Game-Four-Knights-Game"]
[UTCDate "2021.02.06"]
[UTCTime "19:02:55"]
[WhiteElo "1146"]
[BlackElo "955"]
[TimeControl "1200+10"]
[Termination "superpengha won by checkmate"]
[StartTime "19:02:55"]
[EndDate "2021.02.06"]
[EndTime "19:07:59"]
[Link "https://www.chess.com/live/game/6472146885"]

1. e4 e5 2. Nf3 Nc6 3. Bc4 Bc5 4. Nc3 Nf6 5. Ng5 O-O 6. Qf3 Nd4 7. Qh3 h6 8. O-O d5 9. exd5 Bxh3 10. Nxh3 Re8 11. d3 Nxd5 12. Nxd5 b5 13. Bxb5 Nxb5 14. c4 c6 15. Nf6+ Qxf6 16. cxb5 cxb5 17. Be3 Bd6 18. Rad1 Bc7 19. d4 exd4 20. Bxd4 Qd6 21. Bxg7 Qxh2# 0-1


1200+10

[Event "Live Chess"]
[Site "Chess.com"]
[Date "2021.02.06"]
[Round "2"]
[White "shiningCrystal"]
[Black "Pusheen_the_PR0"]
[Result "1-0"]
[CurrentPosition "r3k2r/ppp1Qpp1/2q1b3/7p/2BR2nB/2N4P/PPP2PP1/5RK1 b kq -"]
[Timezone "UTC"]
[ECO "C56"]
[ECOUrl "https://www.chess.com/openings/Italian-Game-Max-Lange-Spielmann-Defense"]
[UTCDate "2021.02.06"]
[UTCTime "19:03:02"]
[WhiteElo "1253"]
[BlackElo "704"]
[TimeControl "1200+10"]
[Termination "shiningCrystal won by checkmate"]
[StartTime "19:03:02"]
[EndDate "2021.02.06"]
[EndTime "19:10:21"]
[Link "https://www.chess.com/live/game/6472147940"]

1. e4 e5 2. Nf3 Nc6 3. Bc4 Nf6 4. d4 exd4 5. O-O Bc5 6. e5 Ng4 7. Bf4 d3 8. Qxd3 d6 9. Bg3 Bd7 10. h3 h5 11. Bh4 Qc8 12. Nc3 dxe5 13. Qd5 Be6 14. Qxc5 Qd7 15. Rad1 Nd4 16. Nxd4 exd4 17. Rxd4 Qc6 18. Qe7# 1-0

[Event "Live Chess"]
[Site "Chess.com"]
[Date "2021.02.06"]
[Round "2"]
[White "chess4me1ly"]
[Black "lionkingh"]
[Result "0-1"]
[CurrentPosition "r3kb1r/4pppp/p1n5/1pp5/1q6/K6P/PPP4P/RNB5 w kq -"]
[Timezone "UTC"]
[ECO "B20"]
[ECOUrl "https://www.chess.com/openings/Sicilian-Defense-Amazon-Attack"]
[UTCDate "2021.02.06"]
[UTCTime "19:03:10"]
[WhiteElo "206"]
[BlackElo "1315"]
[TimeControl "1200+10"]
[Termination "lionkingh won by checkmate"]
[StartTime "19:03:10"]
[EndDate "2021.02.06"]
[EndTime "19:07:54"]
[Link "https://www.chess.com/live/game/6472148478"]

1. e4 c5 2. Qg4 Nf6 3. Qh3 d5 4. Bb5+ Nc6 5. exd5 Bxh3 6. gxh3 Nxd5 7. Nf3 a6 8. Bc4 b5 9. Bxd5 Qxd5 10. Ng1 Qxh1 11. d4 Qxg1+ 12. Kd2 Qxf2+ 13. Kc3 Qxd4+ 14. Kb3 Qc4+ 15. Ka3 Qb4# 0-1

[Event "Live Chess"]
[Site "Chess.com"]
[Date "2021.02.06"]
[Round "2"]
[White "barnaclesbear"]
[Black "MasterAmmu2"]
[Result "1-0"]
[CurrentPosition "4R1k1/5ppp/1p6/8/P6B/Rp3N1P/1P3PPK/8 b - -"]
[Timezone "UTC"]
[ECO "C46"]
[ECOUrl "https://www.chess.com/openings/Three-Knights-Opening-3...Bb4"]
[UTCDate "2021.02.06"]
[UTCTime "19:03:06"]
[WhiteElo "1175"]
[BlackElo "744"]
[TimeControl "1200+10"]
[Termination "barnaclesbear won by checkmate"]
[StartTime "19:03:06"]
[EndDate "2021.02.06"]
[EndTime "19:15:18"]
[Link "https://www.chess.com/live/game/6472149083"]

1. e4 e5 2. Nf3 Nc6 3. Nc3 Bb4 4. Bc4 Bxc3 5. dxc3 Nf6 6. Bg5 O-O 7. O-O d6 8. h3 Be6 9. Bb3 Bxb3 10. cxb3 Qe7 11. a4 Qe6 12. Re1 Rad8 13. c4 Na5 14. Bh4 c6 15. Ra3 d5 16. exd5 cxd5 17. Rxe5 Qd6 18. Bxf6 dxc4 19. Qxd6 Rxd6 20. Rxa5 cxb3 21. Be7 Rd1+ 22. Kh2 Re8 23. Bh4 b6 24. Rxa7 Rd3 25. Rb7 Re6 26. Rb8+ Rd8 27. Rxd8+ Re8 28. Rxe8# 1-0

[Event "Live Chess"]
[Site "Chess.com"]
[Date "2021.02.06"]
[Round "2"]
[White "agarwal4553"]
[Black "A_slithering_ape"]
[Result "1-0"]
[CurrentPosition "r7/pp3p2/2krpN1p/8/P1R5/3P3P/2P2PP1/1R4K1 b - -"]
[Timezone "UTC"]
[ECO "B10"]
[ECOUrl "https://www.chess.com/openings/Caro-Kann-Defense-2.Nf3-d5"]
[UTCDate "2021.02.06"]
[UTCTime "19:03:36"]
[WhiteElo "899"]
[BlackElo "1093"]
[TimeControl "1200+10"]
[Termination "agarwal4553 won by checkmate"]
[StartTime "19:03:36"]
[EndDate "2021.02.06"]
[EndTime "19:08:22"]
[Link "https://www.chess.com/live/game/6472153441"]

1. e4 c6 2. Nf3 d5 3. d3 Bg4 4. Be2 Nf6 5. O-O e6 6. Nc3 Bxf3 7. Bxf3 Nbd7 8. exd5 cxd5 9. Re1 Bd6 10. h3 Ne5 11. Bg5 Nxf3+ 12. Qxf3 h6 13. Bxf6 Qxf6 14. Qxf6 gxf6 15. Nxd5 Kd7 16. Nxf6+ Kc6 17. a4 Be5 18. Ne4 Bxb2 19. Rab1 Bf6 20. Nxf6 Rhd8 21. Re4 Rd6 22. Rc4# 1-0

[Event "Live Chess"]
[Site "Chess.com"]
[Date "2021.02.06"]
[Round "2"]
[White "JazzyAsh"]
[Black "Samurai-Sammy"]
[Result "1-0"]
[CurrentPosition "8/8/4P3/8/2P1kR2/P1P4K/7P/8 b - -"]
[Timezone "UTC"]
[ECO "C50"]
[ECOUrl "https://www.chess.com/openings/Giuoco-Piano-Game-Four-Knights-Game"]
[UTCDate "2021.02.06"]
[UTCTime "19:03:34"]
[WhiteElo "973"]
[BlackElo "580"]
[TimeControl "1200+10"]
[Termination "JazzyAsh won by resignation"]
[StartTime "19:03:34"]
[EndDate "2021.02.06"]
[EndTime "19:11:23"]
[Link "https://www.chess.com/live/game/6472154024"]

1. e4 e5 2. Nf3 Nc6 3. Bc4 Bc5 4. Nc3 Nf6 5. O-O O-O 6. d3 d6 7. Bg5 Bg4 8. Nd5 Nd4 9. Nxf6+ gxf6 10. Bh6 Nxf3+ 11. gxf3 Bh3 12. Bxf8 Bxf1 13. Qxf1 Qxf8 14. Qg2+ Qg7 15. Qxg7+ Kxg7 16. a3 Kg8 17. c3 c6 18. b4 b5 19. bxc5 bxc4 20. dxc4 dxc5 21. Rd1 a6 22. Kg2 Kg7 23. Kg3 Kg6 24. f4 f5 25. fxe5 fxe4 26. f3 f6 27. Rd6 Ra7 28. Rxf6+ Kg7 29. Rxc6 h5 30. fxe4 a5 31. Rxc5 Ra6 32. Kh4 Kh6 33. Rd5 Rg6 34. Rxa5 Rg4+ 35. Kh3 Kg5 36. e6+ Kf4 37. Rxh5 Kxe4 38. Rh4 Rf4 39. Rxf4+ 1-0

[Event "Live Chess"]
[Site "Chess.com"]
[Date "2021.02.06"]
[Round "2"]
[White "ChessWizard1393"]
[Black "GivingPigeon"]
[Result "1-0"]
[CurrentPosition "5r1k/p1q2pQ1/1p1p4/3P1N1p/4P1pN/P5P1/2r2PP1/R5K1 b - -"]
[Timezone "UTC"]
[ECO "C44"]
[ECOUrl "https://www.chess.com/openings/Scotch-Game"]
[UTCDate "2021.02.06"]
[UTCTime "19:03:45"]
[WhiteElo "1166"]
[BlackElo "704"]
[TimeControl "1200+10"]
[Termination "ChessWizard1393 won by checkmate"]
[StartTime "19:03:45"]
[EndDate "2021.02.06"]
[EndTime "19:10:35"]
[Link "https://www.chess.com/live/game/6472155184"]

1. e4 e5 2. Nf3 Nc6 3. d4 Bd6 4. d5 Nb4 5. a3 Na6 6. Nc3 Nf6 7. Bg5 h6 8. Bh4 Nc5 9. Bc4 O-O 10. O-O g5 11. Bg3 g4 12. Nh4 b6 13. b4 Ba6 14. bxc5 Bxc4 15. cxd6 Bxf1 16. Qxf1 Nh5 17. Bxe5 cxd6 18. Bg3 Rc8 19. Nb5 Nxg3 20. hxg3 Rxc2 21. Nd4 Rc5 22. Ndf5 h5 23. Nxd6 Qc7 24. Ndf5 d6 25. Qd3 Rc3 26. Qd2 Rc2 27. Qg5+ Kh8 28. Qg7# 1-0

[Event "Live Chess"]
[Site "Chess.com"]
[Date "2021.02.06"]
[Round "2"]
[White "pranshikku"]
[Black "yeetacopter2"]
[Result "1-0"]
[CurrentPosition "8/R5R1/6k1/pPp2pPp/P1n4P/8/5K2/8 b - -"]
[Timezone "UTC"]
[ECO "D06"]
[ECOUrl "https://www.chess.com/openings/Queens-Gambit-Declined-Marshall-Defense-3.Nc3"]
[UTCDate "2021.02.06"]
[UTCTime "19:03:41"]
[WhiteElo "1224"]
[BlackElo "1022"]
[TimeControl "1200+10"]
[Termination "pranshikku won by checkmate"]
[StartTime "19:03:41"]
[EndDate "2021.02.06"]
[EndTime "19:25:36"]
[Link "https://www.chess.com/live/game/6472155759"]

1. d4 d5 2. c4 Nf6 3. Nc3 Bf5 4. Bf4 e6 5. e3 Bb4 6. a3 Ba5 7. b4 Bb6 8. c5 Bxc5 9. dxc5 O-O 10. Bd3 Bg4 11. Nf3 Nc6 12. h3 Bh5 13. g4 Bg6 14. Bxg6 fxg6 15. Rg1 h5 16. g5 Nh7 17. b5 Na5 18. Nd2 Rf5 19. h4 d4 20. Ne2 dxe3 21. Bxe3 Qf8 22. Rf1 Rd8 23. Qc2 b6 24. Nd4 Rxc5 25. Qd3 e5 26. Ne6 Rxd3 27. Nxf8 Kxf8 28. Bxc5+ Kg8 29. Bb4 c5 30. Bxa5 bxa5 31. a4 Nf8 32. Nc4 Rd4 33. Nxe5 Re4+ 34. Kd2 Rxe5 35. Rae1 Rd5+ 36. Kc3 Nd7 37. Re7 Rd4 38. f4 Nb6 39. Rxa7 Rc4+ 40. Kd2 Rd4+ 41. Ke3 Nc4+ 42. Ke2 Rd2+ 43. Ke1 Ra2 44. f5 Ra1+ 45. Ke2 Ra2+ 46. Ke1 Ra1+ 47. Kf2 gxf5 48. Rxa1 Kh7 49. Re1 Kg6 50. Re6+ Kh7 51. Ree7 Kg6 52. Rxg7# 1-0

[Event "Live Chess"]
[Site "Chess.com"]
[Date "2021.02.06"]
[Round "2"]
[White "Capawesome18"]
[Black "RobynoDude"]
[Result "0-1"]
[CurrentPosition "7r/6k1/p3pp2/6p1/2pP3P/P1P2q2/7R/5rK1 w - -"]
[Timezone "UTC"]
[ECO "D38"]
[ECOUrl "https://www.chess.com/openings/Queens-Gambit-Declined-Ragozin-Defense"]
[UTCDate "2021.02.06"]
[UTCTime "19:01:00"]
[WhiteElo "1014"]
[BlackElo "1417"]
[TimeControl "1200+10"]
[Termination "RobynoDude won by checkmate"]
[StartTime "19:01:00"]
[EndDate "2021.02.06"]
[EndTime "19:19:35"]
[Link "https://www.chess.com/live/game/6472129015"]

1. d4 d5 2. c4 e6 3. Nc3 Nf6 4. Nf3 Bb4 5. Bd2 O-O 6. a3 Bxc3 7. Bxc3 Bd7 8. e3 a6 9. Be2 Ne4 10. O-O Qf6 11. Bd3 b5 12. Ne5 Nxc3 13. bxc3 bxc4 14. Bc2 c5 15. Qb1 g6 16. Qb7 Nc6 17. Nxd7 Qe7 18. Qxc6 Rfc8 19. Qa4 Rc7 20. Nxc5 Qg5 21. g3 h5 22. Qa5 Rca7 23. e4 h4 24. Bd1 dxe4 25. Nxe4 Qxa5 26. Bf3 Qf5 27. Nd6 Qxf3 28. h3 hxg3 29. fxg3 Qxg3+ 30. Kh1 Qxd6 31. h4 Kg7 32. Rg1 f6 33. Rg2 g5 34. Rag1 Rh8 35. Rh2 Qd5+ 36. Rgg2 Rb7 37. Kg1 Qf3 38. Rf2 Rb1+ 39. Rf1 Rxf1# 0-1

[Event "Live Chess"]
[Site "Chess.com"]
[Date "2021.02.06"]
[Round "2"]
[White "jasjas08"]
[Black "nextspacejl"]
[Result "1-0"]
[CurrentPosition "r2qk3/2pn2p1/p1Q4p/1p2P3/1P6/P1N4P/2P3P1/3R1RK1 b - -"]
[Timezone "UTC"]
[ECO "C55"]
[ECOUrl "https://www.chess.com/openings/Italian-Game-Anti-Fried-Liver-Defense"]
[UTCDate "2021.02.06"]
[UTCTime "19:01:07"]
[WhiteElo "1218"]
[BlackElo "1106"]
[TimeControl "1200+10"]
[Termination "jasjas08 won by resignation"]
[StartTime "19:01:07"]
[EndDate "2021.02.06"]
[EndTime "19:07:14"]
[Link "https://www.chess.com/live/game/6472129568"]

1. e4 e5 2. Nf3 Nc6 3. Bc4 h6 4. d3 Nf6 5. Nc3 Bb4 6. a3 Ba5 7. b4 Bb6 8. Be3 Bxe3 9. fxe3 d6 10. O-O Bg4 11. h3 Bxf3 12. Qxf3 O-O 13. Rad1 a6 14. d4 exd4 15. exd4 b5 16. Bb3 Re8 17. e5 dxe5 18. dxe5 Nd7 19. Bxf7+ Kf8 20. Bxe8+ Kxe8 21. Qxc6 1-0

[Event "Live Chess"]
[Site "Chess.com"]
[Date "2021.02.06"]
[Round "2"]
[White "mip67"]
[Black "SwirlPawn"]
[Result "0-1"]
[CurrentPosition "8/5p1p/6pk/5p2/1p5K/5PP1/8/2n4q w - -"]
[Timezone "UTC"]
[ECO "B54"]
[ECOUrl "https://www.chess.com/openings/Sicilian-Defense-Open-Variation"]
[UTCDate "2021.02.06"]
[UTCTime "19:01:02"]
[WhiteElo "562"]
[BlackElo "927"]
[TimeControl "1200+10"]
[Termination "SwirlPawn won by checkmate"]
[StartTime "19:01:02"]
[EndDate "2021.02.06"]
[EndTime "19:12:02"]
[Link "https://www.chess.com/live/game/6472130281"]

1. e4 c5 2. Nf3 d6 3. d4 cxd4 4. Nxd4 a6 5. Nc3 Nf6 6. Bg5 g6 7. Bxf6 exf6 8. Nf3 Bg7 9. Nd5 O-O 10. Bc4 b5 11. Bb3 Nd7 12. O-O Bb7 13. Nc3 Nc5 14. Bd5 Bxd5 15. exd5 f5 16. Qc1 Bxc3 17. bxc3 Ne4 18. Qa3 Qb6 19. Nd4 Qc5 20. Qxc5 dxc5 21. Nc6 Nxc3 22. Rae1 Nxd5 23. Rd1 Nc3 24. Rd7 Nxa2 25. Ne7+ Kg7 26. Rc7 Kf6 27. Nd5+ Kg7 28. Rxc5 Rac8 29. Rxc8 Rxc8 30. Nb6 Rxc2 31. Nd5 a5 32. Rb1 b4 33. Ne3 Rc1+ 34. Rxc1 Nxc1 35. Nc4 a4 36. g3 a3 37. Nd2 a2 38. h4 a1=Q 39. h5 Qc3 40. h6+ Kxh6 41. Ne4 Qe1+ 42. Kg2 Qxe4+ 43. f3 Qe2+ 44. Kh3 Qf1+ 45. Kh4 Qh1# 0-1

[Event "Live Chess"]
[Site "Chess.com"]
[Date "2021.02.06"]
[Round "2"]
[White "andrewaballantyne"]
[Black "RibhavV2018"]
[Result "1-0"]
[CurrentPosition "8/8/8/8/8/3K4/8/Q2k4 b - -"]
[Timezone "UTC"]
[ECO "C54"]
[ECOUrl "https://www.chess.com/openings/Giuoco-Piano-Game-Center-Attack-Greco-Attack...8.O-O-Nxc3-9.bxc3-Bxc3"]
[UTCDate "2021.02.06"]
[UTCTime "19:01:08"]
[WhiteElo "1366"]
[BlackElo "1230"]
[TimeControl "1200+10"]
[Termination "andrewaballantyne won by checkmate"]
[StartTime "19:01:08"]
[EndDate "2021.02.06"]
[EndTime "19:22:13"]
[Link "https://www.chess.com/live/game/6472131492"]

1. e4 e5 2. Nf3 Nc6 3. Bc4 Bc5 4. c3 Nf6 5. d4 exd4 6. cxd4 Bb4+ 7. Nc3 Nxe4 8. O-O Nxc3 9. bxc3 Bxc3 10. Rb1 O-O 11. Qd3 Bb4 12. d5 Na5 13. Rxb4 c6 14. dxc6 Nxc4 15. Rxc4 d5 16. Rc5 bxc6 17. Rxc6 Bb7 18. Rc5 Qb6 19. Ba3 Rfc8 20. Rb5 Ba6 21. Rxb6 Bxd3 22. Rd6 Bxf1 23. Kxf1 Rd8 24. Rxd8+ Rxd8 25. Bc5 a5 26. Ke2 f6 27. Kd3 Kf7 28. Nd4 Rb8 29. Nc6 Rb2 30. a3 a4 31. Nb4 Ke6 32. g3 h6 33. Ke3 Ke5 34. Nd3+ Kf5 35. Nxb2 Kg4 36. h4 g5 37. hxg5 fxg5 38. Nxa4 h5 39. Be7 h4 40. gxh4 gxh4 41. Bxh4 Kxh4 42. Kd4 Kg4 43. Kxd5 Kf3 44. Nc3 Kxf2 45. a4 Ke3 46. a5 Kd3 47. a6 Kxc3 48. a7 Kb4 49. a8=Q Kb3 50. Kd4 Kc2 51. Qa2+ Kc1 52. Kd3 Kd1 53. Qa1# 1-0

[Event "Live Chess"]
[Site "Chess.com"]
[Date "2021.02.06"]
[Round "2"]
[White "Shrihan98316"]
[Black "adichi"]
[Result "0-1"]
[CurrentPosition "3r1k2/pb1Prppp/1p6/1Q2b3/2B2P2/7P/PP4q1/R3RK2 w - -"]
[Timezone "UTC"]
[ECO "C00"]
[ECOUrl "https://www.chess.com/openings/French-Defense-Knight-Variation-2...d5"]
[UTCDate "2021.02.06"]
[UTCTime "19:01:23"]
[WhiteElo "833"]
[BlackElo "1430"]
[TimeControl "1200+10"]
[Termination "adichi won by checkmate"]
[StartTime "19:01:23"]
[EndDate "2021.02.06"]
[EndTime "19:23:51"]
[Link "https://www.chess.com/live/game/6472132309"]

1. e4 e6 2. Nf3 d5 3. exd5 exd5 4. c4 c6 5. cxd5 cxd5 6. Nc3 Nf6 7. d4 Bd6 8. Qa4+ Nc6 9. Bg5 O-O 10. Bxf6 Qxf6 11. Nxd5 Re8+ 12. Be2 Qe6 13. O-O Qxd5 14. Bc4 Qa5 15. Qb3 Qf5 16. d5 Ne5 17. Nxe5 Bxe5 18. Rfe1 b6 19. Qb5 Bb7 20. h3 Rad8 21. d6 Qg5 22. g3 Kf8 23. d7 Re7 24. f4 Qxg3+ 25. Kf1 Qg2# 0-1

[Event "Live Chess"]
[Site "Chess.com"]
[Date "2021.02.06"]
[Round "2"]
[White "lerdog"]
[Black "SubtleGalaxy99"]
[Result "1-0"]
[CurrentPosition "4r3/7Q/2p3p1/7k/3P4/2N2N1P/PP3PP1/R4RK1 b - -"]
[Timezone "UTC"]
[ECO "C20"]
[ECOUrl "https://www.chess.com/openings/Bishops-Opening-Boi-Variation"]
[UTCDate "2021.02.06"]
[UTCTime "19:01:29"]
[WhiteElo "1088"]
[BlackElo "932"]
[TimeControl "1200+10"]
[Termination "lerdog won by checkmate"]
[StartTime "19:01:29"]
[EndDate "2021.02.06"]
[EndTime "19:08:07"]
[Link "https://www.chess.com/live/game/6472133003"]

1. e4 e5 2. Bc4 Bc5 3. Qh5 Qf6 4. Nf3 g6 5. Qxe5+ Be7 6. Qxc7 Bd8 7. Qxc8 Ke7 8. Qxb7 Qc6 9. Bd5 Qxc2 10. O-O Bc7 11. Qxa8 Qc5 12. d4 Qd6 13. Qxa7 Nc6 14. Bxc6 dxc6 15. Nc3 Nf6 16. e5 Qd8 17. exf6+ Kxf6 18. Bg5+ Kf5 19. Bxd8 Rxd8 20. Qxc7 Re8 21. Qxf7+ Kg4 22. h3+ Kh5 23. Qxh7# 1-0

[Event "Live Chess"]
[Site "Chess.com"]
[Date "2021.02.06"]
[Round "2"]
[White "Rishika8"]
[Black "OlympusMons00"]
[Result "0-1"]
[CurrentPosition "5k2/p4ppp/8/3R4/P4P2/1n1P3P/3r4/1r2KR2 w - -"]
[Timezone "UTC"]
[ECO "C42"]
[ECOUrl "https://www.chess.com/openings/Petrovs-Defense-Three-Knights-Game"]
[UTCDate "2021.02.06"]
[UTCTime "19:01:28"]
[WhiteElo "667"]
[BlackElo "1053"]
[TimeControl "1200+10"]
[Termination "OlympusMons00 won by checkmate"]
[StartTime "19:01:28"]
[EndDate "2021.02.06"]
[EndTime "19:09:47"]
[Link "https://www.chess.com/live/game/6472133577"]

1. e4 e5 2. Nf3 Nf6 3. Nc3 Bc5 4. Bc4 c6 5. h3 d5 6. exd5 cxd5 7. Bb5+ Nc6 8. Bxc6+ bxc6 9. Nxe5 Qe7 10. f4 Bd4 11. Qe2 Nd7 12. Nxc6 Qxe2+ 13. Nxe2 Bc5 14. d3 O-O 15. Bd2 Re8 16. Rf1 Bb7 17. Na5 Rab8 18. b3 Bd4 19. O-O-O Rxe2 20. Bb4 Bc5 21. Bxc5 Nxc5 22. Nxb7 Nxb7 23. Rf3 Rbe8 24. Rff1 Rxg2 25. a4 Ree2 26. Kb1 Rxc2 27. Rde1 Kf8 28. Re5 Rb2+ 29. Kc1 Nc5 30. Rxd5 Nxb3+ 31. Kd1 Rgd2+ 32. Ke1 Rb1# 0-1

[Event "Live Chess"]
[Site "Chess.com"]
[Date "2021.02.06"]
[Round "2"]
[White "speedlimit1000"]
[Black "Audi7GSW"]
[Result "1/2-1/2"]
[CurrentPosition "8/8/8/5pk1/6rp/4PKP1/8/6R1 b - -"]
[Timezone "UTC"]
[ECO "C41"]
[ECOUrl "https://www.chess.com/openings/Philidor-Defense-Exchange-Variation-4.Nxd4"]
[UTCDate "2021.02.06"]
[UTCTime "19:01:28"]
[WhiteElo "1430"]
[BlackElo "1243"]
[TimeControl "1200+10"]
[Termination "Game drawn by agreement"]
[StartTime "19:01:28"]
[EndDate "2021.02.06"]
[EndTime "19:18:08"]
[Link "https://www.chess.com/live/game/6472134159"]

1. e4 e5 2. Nf3 d6 3. d4 exd4 4. Nxd4 Nc6 5. Bb5 Bd7 6. Nxc6 bxc6 7. Ba6 Bc8 8. Bxc8 Rxc8 9. Nc3 Be7 10. Be3 Nf6 11. O-O O-O 12. Qd3 d5 13. exd5 Nxd5 14. Nxd5 cxd5 15. Rad1 c6 16. Rfe1 Ra8 17. Qe2 Re8 18. Qf3 Bb4 19. c3 Ba5 20. b4 Bb6 21. c4 Bxe3 22. fxe3 a5 23. cxd5 cxd5 24. Rxd5 Qc7 25. bxa5 Rxa5 26. Rxa5 Qxa5 27. Rf1 Qxa2 28. Qc6 Qe6 29. Qxe6 Rxe6 30. Rd1 g6 31. Kf2 Rf6+ 32. Ke2 Rf5 33. g3 Rh5 34. h4 g5 35. hxg5 Rxg5 36. Kf3 Rf5+ 37. Kg4 Re5 38. Kf4 f6 39. Rd8+ Kf7 40. Rd7+ Kg6 41. Rc7 Rf5+ 42. Ke4 Re5+ 43. Kf4 Rg5 44. Rc6 h5 45. Rc1 Rg4+ 46. Kf3 f5 47. Rc6+ Kg5 48. Rc1 h4 49. Rg1 1/2-1/2

[Event "Live Chess"]
[Site "Chess.com"]
[Date "2021.02.06"]
[Round "2"]
[White "RagingLion"]
[Black "hrishikeshbollini"]
[Result "1-0"]
[CurrentPosition "4k1R1/Q4p2/p4R2/3P3K/2P1P3/8/PP6/8 b - -"]
[Timezone "UTC"]
[ECO "C50"]
[ECOUrl "https://www.chess.com/openings/Italian-Game-Hungarian-Defense"]
[UTCDate "2021.02.06"]
[UTCTime "19:01:29"]
[WhiteElo "688"]
[BlackElo "1040"]
[TimeControl "1200+10"]
[Termination "RagingLion won by checkmate"]
[StartTime "19:01:29"]
[EndDate "2021.02.06"]
[EndTime "19:15:33"]
[Link "https://www.chess.com/live/game/6472134696"]

1. e4 e5 2. Nf3 Nc6 3. Bc4 Be7 4. h4 Nf6 5. Ng5 O-O 6. Nc3 Bc5 7. Nf3 d6 8. O-O Bg4 9. d3 Nd4 10. Bg5 Bxf3 11. gxf3 h6 12. Bxf6 Qxf6 13. Bd5 Nxf3+ 14. Kg2 Nxh4+ 15. Kg3 Qg5+ 16. Kh3 Rfe8 17. Bxb7 Rab8 18. Rg1 Qe7 19. Nd5 Qd7+ 20. Kxh4 Rxb7 21. Nf6+ Kf8 22. Nxd7+ Ke7 23. Nxc5 dxc5 24. Qh5 g6 25. Qxe5+ Kf8 26. Qxc5+ Re7 27. Qd5 g5+ 28. Kh5 Rb6 29. Qd8+ Re8 30. Qxc7 Re7 31. Qd8+ Re8 32. Qd4 Ra8 33. Qh8+ Ke7 34. Qxa8 a6 35. Qa7+ Kf6 36. Qxb6+ Ke5 37. Qxh6 Kf4 38. Qxg5+ Kf3 39. Qg4+ Kxf2 40. Raf1+ Ke3 41. Qf3+ Kd4 42. c3+ Kc5 43. Qe3+ Kd6 44. c4 Kc6 45. d4 Kd6 46. Rf6+ Kc7 47. d5 Kd7 48. Qa7+ Ke8 49. Rg8# 1-0